 Dungeon Crawl Stone Soup version 0.23-a0-650-ga4d50d4 (webtiles) character file.

508 Lanoc the Cudgeler (level 6, -3/62 HPs)
             Began as a Troll Monk on Jan 6, 2019.
             Was a Priest of Kikubaaqudgha.
             Slain by an orc
             ... wielding a +2 dagger of electrocution
              (18 damage)
             ... on level 4 of the Dungeon.
             The game lasted 00:03:58 (1608 turns).

Lanoc the Cudgeler (Troll Monk)                     Turns: 1608, Time: 00:03:58

Health: -3/62      AC:  5    Str: 22    XL:     6   Next: 98%
Magic:  5/5        EV: 11    Int:  6    God:    Kikubaaqudgha [***...]
Gold:   43         SH:  0    Dex: 12    Spells: 5/5 levels left

rFire    . . .     SeeInvis .   a - +0 mace
rCold    . . .     Gourm    +   (no shield)
rNeg     . . .     Faith    .   b - +0 robe
rPois    .         Spirit   .   (helmet restricted)
rElec    .         Reflect  .   (no cloak)
rCorr    .         Harm     .   (gloves unavailable)
MR       .....                  (boots unavailable)
Stlth    ++........             (no amulet)
HPRegen  0.60/turn              (no ring)
MPRegen  0.09/turn              (no ring)

@: berserk cooldown, slowed, very slow
A: large, unfitting armour, claws 3, fast metabolism 3, gourmand, regeneration
1, shaggy fur 1, tough skin 2
a: Receive Corpses, Renounce Religion


You were on level 4 of the Dungeon.
You worshipped Kikubaaqudgha.
Kikubaaqudgha was most pleased with you.
You were completely stuffed.

You visited 1 branch of the dungeon, and saw 4 of its levels.

You collected 43 gold pieces.

Inventory:

Hand Weapons
 a - a +0 mace (weapon)
 k - a +0 giant spiked club
Armour
 b - a +0 robe (worn)
Wands
 f - a wand of iceblast (8)
 j - a wand of digging (4)
Scrolls
 d - 3 scrolls of teleportation {unknown}
 g - a scroll of identify {unknown}
 p - a scroll of fog {unknown}
Potions
 e - a potion of berserk rage
 h - a potion of lignification {unknown}
 i - a potion of agility {unknown}
 l - a potion of haste
 m - a potion of magic {unknown}
 o - 2 potions of curing {unknown}
Comestibles
 c - 5 rations


   Skills:
 + Level 3.9 Fighting
 * Level 5.4 Maces & Flails
 + Level 3.8 Dodging
 - Level 1.0 Stealth


You had 5 spell levels left.
You didn't know any spells.
Your spell library contained the following spells:

 Spells                   Type           Power        Failure   Level  Hunger
 Pain                     Necr           #...         45%         1    ##.....
 Corpse Rot               Necr           N/A          58%         2    ###....
 Sublimation of Blood     Necr           #.........   58%         2    ###....
 Regeneration             Chrm/Necr      #.........   83%         3    ####...
 Animate Dead             Necr           N/A          99%         4    #####..
 Agony                    Necr           #.......     100%        5    ######.
 Bolt of Draining         Conj/Necr      #.........   100%        5    ######.
 Borgnjor's Vile Clutch   Necr/Erth      #.........   100%        5    ######.
 Dispel Undead            Necr           #.......     100%        5    ######.


Dungeon Overview and Level Annotations

Branches:
Dungeon (4/15)             Temple (0/1) D:4

Altars:
Hepliaklqana
Kikubaaqudgha


Innate Abilities, Weirdness & Mutations

You are too large for most types of armour.
You have claws for hands.
Your metabolism is lightning-fast.
You like to eat raw meat.
Your natural rate of healing is unusually fast.
You are covered in fur. (AC +1)
You have very tough skin. (AC +2)


Message History

a +0 trident; a +0 leather armour; an orc corpse You sock the gnoll!
The gnoll is almost dead.
The gnoll closely misses you. The gnoll hits you with a +0 spear.
You barely miss the gnoll.
The gnoll is severely wounded.
The gnoll hits you with a +0 spear!
You barely miss the gnoll.
The gnoll is severely wounded.
You feel sick. The gnoll hits you with a +0 spear. x2
* * * LOW HITPOINT WARNING * * *
You sock the gnoll!
You kill the gnoll!
Kikubaaqudgha accepts your kill. The orc barely misses you.
You barely miss the orc.
You feel sick.
You are no longer poisoned.
The orc hits you but does no damage.
You are electrocuted!
You die...
Kikubaaqudgha rasps: "You have failed me!
Welcome... death!"

#.. ...####
.......##
.#.#o....
#.#.#.l.#
.#.#.#o.#
#.>.#...#
.#.#.#..#########
#.#.#...o@))....#
.#.#...########.#
....... ###.###
####### #.....#
####.###.########
.....###.........
###.....########
#.###.....########
#.................


You could see an orc.

Vanquished Creatures
  An ogre (D:4)
  A phantom (D:4)
  An orc priest (D:3)
  4 orc wizards
  Jessica (D:3)
  Ijyb (D:3)
  A worker ant (D:4)
  4 adders
  5 gnolls
  A worm (D:2)
  A dart slug (D:2)
  A leopard gecko (D:2)
  8 orcs
  A giant cockroach (D:3)
  4 hobgoblins
  2 kobolds
  A quokka (D:3)
  3 ball pythons
  6 bats
  3 frilled lizards
  A goblin (D:3)
  4 rats
55 creatures vanquished.

Notes
Turn   | Place    | Note
-------+----------+-------------------------------------------
     0 | D:1      | Lanoc the Troll Monk began the quest for the Orb.
     0 | D:1      | Reached XP level 1. HP: 22/22 MP: 0/0
   166 | D:2      | Reached skill level 3 in Maces & Flails
   166 | D:2      | Reached XP level 2. HP: 9/29 MP: 1/1
   355 | D:2      | Found a hazy altar of Hepliaklqana.
   444 | D:3      | Reached XP level 3. HP: 36/36 MP: 2/2
   576 | D:3      | Noticed Ijyb
   599 | D:3      | Reached XP level 4. HP: 39/44 MP: 3/3
   614 | D:3      | Killed Ijyb
   672 | D:3      | Reached skill level 4 in Maces & Flails
   845 | D:3      | Reached XP level 5. HP: 38/53 MP: 4/4
   999 | D:3      | Found a faded altar of an unknown god.
  1005 | D:3      | Became a worshipper of Kikubaaqudgha
  1005 | D:3      | Reached * piety under Kikubaaqudgha
  1005 | D:3      | Identified Kikubaaqudgha's Incunabulum of Evil
                  | (Kikubaaqudgha gifted it to you on level 3 of the Dungeon)
  1005 | D:3      | Received a gift from Kikubaaqudgha
  1005 | D:3      | Reached ** piety under Kikubaaqudgha
  1306 | D:3      | Noticed Jessica
  1316 | D:3      | Killed Jessica
  1316 | D:3      | Reached *** piety under Kikubaaqudgha
  1316 | D:3      | Identified Kikubaaqudgha's Almanac of Unholy Magic
                  | (Kikubaaqudgha gifted it to you on level 3 of the Dungeon)
  1316 | D:3      | Received a gift from Kikubaaqudgha
  1394 | D:4      | Noticed an ogre
  1411 | D:4      | Killed an ogre
  1411 | D:4      | Reached XP level 6. HP: 25/61 MP: 5/5
  1552 | D:4      | Reached skill level 5 in Maces & Flails
  1569 | D:4      | Found a staircase to the Ecumenical Temple.
  1608 | D:4      | Slain by an orc

Vault maps used:
D:1:      dpeg_arrival_rooms_c, chequers_serial_rivers_micro_b
D:2:      lemuel_coloured_pillars_altar
D:3:      chequers_ecumenical_altar_grove, kennysheep_jessica_study,
          uniq_jessica, uniq_ijyb
D:4:      minmay_temple_entry_grid, serial_shops, shop, first_ration,
          st_stairs_3

Skill      XL: |  1  2  3  4  5  6 |
---------------+-------------------+-----
Maces & Flails | 3 4 5 |  5.4
Fighting       | 3 |  3.9
Dodging        | 3 |  3.8
Stealth        | |  1.0

Action                   |  1- 3 |  4- 6 || total
-------------------------+-------+-------++-------
Melee: Mace              |    75 |   157 ||   232
  Use: Potion            |       |     1 ||     1
 Stab: Sleeping          |     5 |     2 ||     7
  Eat: Chunk             |    10 |    11 ||    21
Armor: Robe              |    21 |    39 ||    60
Dodge: Dodged            |    42 |    79 ||   121

Table legend:
 A = Non-vault XP
 B = Vault XP
 C = Vault XP percentage of total XP
 D = Non-vault monster count
 E = Vault monster count
 F = Vault count percentage of total count
                 A         B        C        D         E       F
            +---------+---------+-------+---------+---------+-------
      Total |     651 |      75 |  10.3 |      52 |       3 |   5.5
            +---------+---------+-------+---------+---------+-------
        D:1 |       8 |       0 |   0.0 |       5 |       0 |   0.0
        D:2 |      31 |       0 |   0.0 |       9 |       0 |   0.0
        D:3 |     203 |      75 |  27.0 |      28 |       3 |   9.7
        D:4 |     409 |       0 |   0.0 |      10 |       0 |   0.0
            +---------+---------+-------+---------+---------+-------
